 Dungeon Crawl Stone Soup version 0.27-a0-1579-g97d2440184 (webtiles) character file.

Game seed: 15958666329490110247

1344 bande the Chopper (level 8, 0/49 HPs)
             Began as a Gargoyle Fighter on July 18, 2021.
             Was a Believer of Okawaru.
             Slain by a two-headed ogre (5 damage)
             ... on level 6 of the Dungeon.
             The game lasted 00:08:40 (7433 turns).

bande the Chopper (Gargoyle Fighter)                Turns: 7433, Time: 00:08:40

Health: 0/49       AC: 17    Str: 22    XL:     8   Next: 62%
Magic:  0/8        EV:  6    Int:  8    God:    Okawaru [**....]
Gold:   162        SH: 10    Dex: 10    Spells: 7/7 levels left

rFire    . . .     SeeInvis .   a - +1 war axe
rCold    . . .     Faith    .   c - +0 kite shield
rNeg     + . .     Spirit   +   k - +0 chain mail
rPois    ∞         Reflect  .   q - +0 helmet
rElec    +         Harm     .   (no cloak)
rCorr    .         Rampage  .   (no gloves)
Will     .....                  (no boots)
Stlth    ..........             b - amulet of guardian spirit
HPRegen  0.16/turn              (no ring)
MPRegen  0.11/turn              (no ring)

@: no status effects
A: sickness immunity, AC +5, negative energy resistance 1, electricity
resistance, torment resistance 1, petrification resistance
a: Renounce Religion, Heroism


You were on level 6 of the Dungeon.
You worshipped Okawaru.
Okawaru was pleased with you.
You visited 2 branches of the dungeon, and saw 7 of its levels.

You collected 162 gold pieces.

Inventory:

Hand Weapons
 a - a +1 war axe (weapon)
 d - a +0 flail
 l - a +2 flail of protection
Missiles
 j - 5 atropa-tipped darts (quivered)
 m - 2 throwing nets
Armour
 c - a +0 kite shield (worn)
 k - a +0 chain mail (worn)
 q - a +0 helmet (worn)
Jewellery
 b - an amulet of guardian spirit (around neck)
Scrolls
 e - 2 scrolls of teleportation
 f - 3 scrolls of identify
 h - a scroll of magic mapping
 n - a scroll of enchant weapon
 r - a scroll of brand weapon {unknown}
Potions
 g - a potion of resistance
 i - a potion of brilliance
 o - 3 potions of magic
 p - a potion of lignification


   Skills:
 + Level 5.0 Fighting
 + Level 6.3 Axes
 + Level 5.9 Armour
 + Level 1.8 Dodging
 + Level 5.7 Shields
 * Level 1.1 Invocations


You had 7 spell levels left.
You didn't know any spells.
Your spell library contained the following spells:

 Spells                   Type           Power      Damage    Failure   Level
 Magic Dart               Conj           0%         1d3       100%        1
 Call Imp                 Summ           0%         N/A       100%        2
 Mephitic Cloud           Conj/Pois/Air  0%         N/A       100%        3


Dungeon Overview and Level Annotations

Branches:
Dungeon (6/15)             Temple (1/1) D:4

Altars:
Ashenzari
Cheibriados
Dithmenos
Elyvilon
Fedhas
Gozag
Hepliaklqana
Kikubaaqudgha
Makhleb
Nemelex Xobeh
Okawaru
Qazlal
Ru
Sif Muna
Trog
Uskayaw
Vehumet
Wu Jian
Xom
Yredelemnul
Zin
The Shining One


Innate Abilities, Weirdness & Mutations

You are immune to sickness and miasma.
Your stone body is resilient. (AC +5)
You are immune to poison.
You resist negative energy. (rN+)
You are resistant to electric shocks. (rElec)
You are resistant to unholy torment.
You are immune to petrification.


Message History

Found a scroll of immolation.
Found a hunting sling.
f - 3 scrolls of identify (gained 1)
Found a whip.
Found 13 gold pieces.
You see here a +0 whip.
You now have 162 gold pieces (gained 13).
Found a scroll labelled YSEEMN RIZUGG.
r - a scroll labelled YSEEMN RIZUGG
Found a long sword and a book of Minor Magic.
Found a stone staircase leading up.
You pick up a book of Minor Magic and begin reading...
You add the spells Magic Dart, Call Imp and Mephitic Cloud to your library.
No target in view!
You see here a +0 long sword.
You see here a +0 hunting sling.
A two-headed ogre comes into view.
It is wielding two +0 giant spiked clubs.
The two-headed ogre shouts in stereo!
A two-headed ogre is nearby!
A centaur skeleton comes into view.
Found 16 gold pieces.
You hit the two-headed ogre but do no damage.
The two-headed ogre closely misses you.
The two-headed ogre hits you with a +0 giant spiked club!
You barely miss the two-headed ogre. You block the two-headed ogre's attack.
The two-headed ogre completely misses you.
You slash the two-headed ogre!
The two-headed ogre is moderately wounded.
The two-headed ogre hits you with a +0 giant spiked club!
The two-headed ogre hits you with a +0 giant spiked club.
You hit the two-headed ogre.
The two-headed ogre is moderately wounded.
The two-headed ogre hits you but does no damage.
The two-headed ogre hits you with a +0 giant spiked club!
You hit the two-headed ogre.
The two-headed ogre is moderately wounded.
The two-headed ogre hits you with a +0 giant spiked club!
* * * LOW HITPOINT WARNING * * *
The two-headed ogre hits you with a +0 giant spiked club.
You die...

..# #.# . ..# .. #.# ..## #.#
...#Z# #..##.#O# #..$...@#
..###.#.########## #
#..........#
.......###.#.##.#
.#.#.#####.#.###.#.##.#######
....# #.#.##.....#........
#.... . #.##..#........##.
#...# ####.##..#.##..##....
#...# #............#####.


You could see a two-headed ogre and a centaur skeleton.

Vanquished Creatures
  A black bear (D:5)
  An ice beast (D:6)
  2 centaurs
  3 ogres
  4 scorpions
  3 bullfrog skeletons
  An iguana (D:4)
  An orc wizard (D:5)
  2 scorpion zombies (D:5)
  11 gnolls
  8 adders
  A shadow imp (D:6)
  2 white imps (D:5)
  16 orcs
  8 endoplasms
  A giant cockroach (D:2)
  9 goblins
  9 hobgoblins
  16 jackals
  9 kobolds
  6 quokkas
  8 ball pythons
  9 bats
  4 frilled lizards
  2 rats (D:2)
137 creatures vanquished.

Vanquished Creatures (others)
  An orc (D:5)
  A plant (D:1)
  2 withered plants (D:4)
4 creatures vanquished.

Grand Total: 141 creatures vanquished

Notes
Turn   | Place    | Note
-------+----------+-------------------------------------------
     0 | D:1      | bande the Gargoyle Fighter began the quest for the Orb.
     0 | D:1      | Reached XP level 1. HP: 14/14 MP: 1/1
    19 | D:1      | Reached XP level 2. HP: 13/19 MP: 2/2
    47 | D:1      | Reached skill level 2 in Axes
   270 | D:1      | Found a faded altar of an unknown god.
   442 | D:1      | Reached XP level 3. HP: 23/23 MP: 3/3
  1313 | D:2      | Reached XP level 4. HP: 23/28 MP: 4/4
  1447 | D:2      | Noticed an ogre
  1469 | D:2      | Killed an ogre
  1470 | D:2      | Reached skill level 3 in Axes
  1470 | D:2      | Reached XP level 5. HP: 6/33 MP: 5/5
  2639 | D:3      | Reached skill level 1 in Dodging
  3016 | D:3      | Found a radiant altar of Vehumet.
  3097 | D:3      | Reached XP level 6. HP: 38/38 MP: 6/6
  3300 | D:3      | Found an ornate altar of the Wu Jian Council.
  3523 | D:4      | Reached skill level 4 in Axes
  3596 | D:4      | Found a staircase to the Ecumenical Temple.
  3616 | Temple   | Entered the Ecumenical Temple
  3687 | Temple   | Became a worshipper of Warmaster Okawaru
  3949 | D:4      | Reached XP level 7. HP: 43/43 MP: 7/7
  4073 | D:5      | Entered Level 5 of the Dungeon
  4288 | D:4      | Reached skill level 5 in Axes
  4290 | D:5      | Reached * piety under Okawaru
  4334 | D:4      | Reached skill level 5 in Shields
  4543 | D:4      | Found a basalt altar of Yredelemnul.
  4810 | D:4      | Found an ancient bone altar of Kikubaaqudgha.
  5156 | D:5      | Found a shimmering altar of Xom.
  5162 | D:5      | Found a white marble altar of Elyvilon.
  5174 | D:5      | Reached skill level 5 in Armour
  5186 | D:5      | Reached XP level 8. HP: 12/48 MP: 1/8
  6105 | D:5      | Found a sparkling altar of Nemelex Xobeh.
  6619 | D:5      | Reached skill level 6 in Axes
  6915 | D:6      | Reached ** piety under Okawaru
  6916 | D:6      | Reached skill level 5 in Fighting
  7232 | D:6      | Reached skill level 1 in Invocations
  7425 | D:6      | Noticed a two-headed ogre
  7433 | D:6      | Slain by a two-headed ogre

Illustrated notes

Levels and vault maps discovered:
D:1:      dpeg_arrival_pits, layout_loops_cross,
          shapermc_ecumenical_altar_acropolis
D:2:      layout_rooms, lemuel_flame_loot_1
D:3:      layout_loops_ring, marbit_many_paths, mainiacjoe_overflow_chevrons,
          grunt_decor_clamped, minmay_diced_spiral
D:4:      minmay_chambers_of_twos, layout_basic, lemuel_doored_altar,
          kiku_gazebo_garden_becter, temple_fountains
D:5:      layout_layer_cave, nemelex_xobeh_ov_fountains_minmay,
          mainiacjoe_overflow_large_starburst, grunt_ministairs_8,
          supply_closet_lemuel
D:6:      layout_loops_cross
Temple:   eino_wide_crystal_templ

Skill      XL: |  1  2  3  4  5  6  7  8 |
---------------+-------------------------+-----
Axes           | 2 3 4 5 6 |  6.3
Shields        | 4 5 |  5.7
Armour         | 4 5 |  5.9
Dodging        | 1 |  1.8
Fighting       | 4 5 |  5.0
Invocations    | 1 |  1.1

Action                   |  1- 3 |  4- 6 |  7- 9 || total
-------------------------+-------+-------+-------++-------
Melee: War axe           |   115 |   166 |   156 ||   437
  Use: Scroll            |     3 |     8 |     4 ||    15
       Potion            |       |     2 |       ||     2
Armor: Scale mail        |    99 |    75 |       ||   174
       Chain mail        |       |    14 |   132 ||   146
Dodge: Dodged            |    52 |    73 |    65 ||   190
Block: Kite shield       |    77 |   108 |   135 ||   320

Table legend: (Time is in decaauts)
 A = Elapsed time spent in this place.
 B = Non-inter-level travel time spent in this place.
 C = Inter-level travel time spent in this place.
 D = Time resting spent in this place.
 E = Time spent auto-exploring this place.
 F = Levels seen in this place.
 G = Mean time per level.
                   A        B        C        D        E       F      G
               +--------+--------+--------+--------+--------+-----+--------+
         Total |   7666 |   7601 |     65 |   2258 |   4083 |   7 | 1095.1 |
       Dungeon |   7564 |   7538 |     26 |   2258 |   4033 |   6 | 1260.7 |
        Temple |    101 |     62 |     39 |      0 |     50 |   1 |  101.0 |
               +--------+--------+--------+--------+--------+-----+--------+

Top non-repeatable levels by time:
     D:5: 1731 daAuts
     D:4: 1709 daAuts
     D:1: 1554 daAuts
     D:3: 969 daAuts
     D:2: 953 daAuts
     D:6: 645 daAuts
  Temple: 101 daAuts
